 Dungeon Crawl Stone Soup version 0.31-a0-1278-g11c5b68f87 (webtiles) character file.

Game seed: 5463453805665863384

4605 bmb222 the Mimic (level 10, -8/71 (75) HPs)
             Began as a Demonspawn Shapeshifter on Dec 17, 2023.
             Was an Initiate of Gozag.
             Killed from afar by an electric eel (12 damage)
             ... with a bolt of electricity
             ... on level 9 of the Dungeon.
             The game lasted 00:11:14 (8188 turns).

bmb222 the Mimic (Demonspawn Shapeshifter)          Turns: 8188, Time: 00:11:14

HP:   -8/71 (75)    AC: 13    Str: 18    XL:     10   Next: 19%
MP:   10/10         EV:  9    Int: 10    God:    Gozag
Gold: 249           SH:  0    Dex: 14    Spells: 9/9 levels left

rFire   . . .        n - +2 whip (elec)
rCold   . . .        (no shield)
rNeg    + . .        G - +1 chain mail {rN+}
rPois   .            q - melded +0 helmet
rElec   .            D - melded +0 cloak
rCorr   .            (gloves currently unavailable)
SInv    .            h - melded +0 pair of boots
Will    .....        H - amulet of regeneration Stlth
                     (no ring)
HPRegen 1.11/turn    (no ring)
MPRegen 0.12/turn

%: no passive effects
@: beast-form, drained
A: beast (slay +4), hooves 1, yellow scales 1, ignite blood 1, powered by death
1
a: Begin Untransformation, Renounce Religion, Potion Petition, Call Merchant,
Bribe Branch


You were on level 9 of the Dungeon.
You worshipped Gozag.
Gozag was aware of your devotion.
You were a hulking beast.
You visited 1 branch of the dungeon, and saw 9 of its levels.
You also visited: Sewer.

You collected 916 gold pieces.
You spent 595 gold pieces at shops.
You paid 72 gold pieces to Gozag.

Inventory:

Hand Weapons
 n - a +2 whip of electrocution (weapon)
Armour
 a - a +0 animal skin
 f - a +0 chain mail
 g - a +0 ring mail
 h - a +0 pair of boots (melded)
 p - an orb of wrath
 q - a +0 helmet (melded)
 D - a +0 cloak (melded)
 G - a +1 chain mail of positive energy (worn)
 J - a +1 helmet
Jewellery
 e - the ring of Kaviedd {Fire MP+9 Str+3}
   (You found it on level 3 of the Dungeon)

   [ring of fire]

   Fire:      It enhances your fire magic.
   Str+3:     It affects your strength (+3).
   rF+:       It protects you from fire.
   rC-:       It makes you vulnerable to cold.
   MP+9:      It affects your magic capacity (+9).
 i - a ring of magical power
 A - a ring of magical power
 H - an amulet of regeneration (around neck)
Talismans
 c - a beast talisman (active)
 d - a flux talisman
Wands
 E - a wand of iceblast (7)
Scrolls
 o - 2 scrolls of immolation
 r - a scroll of fog
 y - a scroll of teleportation
 z - 2 scrolls of amnesia
 B - a scroll of noise
 C - a scroll of silence
 F - 2 scrolls of identify
 I - a scroll of brand weapon {unknown}
 K - a scroll of vulnerability {unknown}
Potions
 b - 4 potions of lignification
 j - 2 potions of attraction {unknown}
 k - 2 potions of enlightenment {unknown}
 l - 2 potions of resistance {unknown}
 m - 6 potions of mutation
 s - a potion of invisibility {unknown}
 t - a potion of haste {unknown}
 u - 2 potions of brilliance {unknown}
 v - a potion of cancellation {unknown}
 w - 2 potions of heal wounds
 x - a potion of berserk rage {unknown}
 L - a potion of curing


   Skills:
 + Level 5.6 Fighting
 + Level 7.3 Armour
 + Level 4.3 Dodging
 - Level 2.6 Stealth
 * Level 4.6 Unarmed Combat
 - Level 8.0 Shapeshifting


You had 9 spell levels left.
You didn't know any spells.
Your spell library contained the following spells:

 Spells                   Type           Power      Damage    Failure   Level
 Apportation              Tloc           0%         N/A       96%         1
 Foxfire                  Conj/Fire      0%         2x1d4     96%         1
 Freeze                   Ice            0%         1d3       96%         1
 Necrotise                Necr           0%         1d4       96%         1
 Summon Small Mammal      Summ           0%         N/A       96%         1
 Frozen Ramparts          Ice            0%         1d1       100%        3
 Gell's Gravitas          Tloc           0%         N/A       100%        3
 Hailstorm                Conj/Ice       0%         3d5       100%        3
 Teleport Other           Tloc           0%         N/A       100%        3
 Leda's Liquefaction      Tmut/Erth      0%         N/A       100%        4
 Petrify                  Tmut/Erth      0%         N/A       100%        4
 Summon Ice Beast         Ice/Summ       0%         N/A       100%        4
 Metabolic Englaciation   Hex/Ice        0%         N/A       100%        5
 Summon Forest            Summ/Tloc      0%         N/A       100%        5
 Summon Mana Viper        Hex/Summ       0%         N/A       100%        5
 Dispersal                Tloc           0%         N/A       100%        6
 Plasma Beam              Fire/Air       0%         2x1d10    100%        6
 Starburst                Conj/Fire      0%         6d3       100%        6
 Summon Cactus Giant      Summ           0%         N/A       100%        6
 Simulacrum               Ice/Necr       Unusable   N/A       N/A         6

Dungeon Overview and Level Annotations

Branches:
Dungeon (9/15)             Temple (0/1) D:7            Lair (0/5) D:9
  Sewer (visited)
    Orc: D:9-12

Altars:
Ashenzari
Cheibriados
Dithmenos
Fedhas
Gozag
Hepliaklqana
Kikubaaqudgha
Okawaru
Xom
Yredelemnul

Shops:
D:5 (*   D:8 =

Annotations:
D:3 3 runed translucent doors, RepHenryClay's ghost, amateur OpVM


Innate Abilities, Weirdness & Mutations

You are a hulking beast.
Your limbs bulge with bestial killing power. (Slay +4)
You have large cloven feet.
You are partially covered in yellow scales. (AC +2)
Your demonic aura sometimes causes spilled blood to erupt in flames.
You regenerate a little health from kills.


Message History

Things that are here:
a +0 robe; a +0 battleaxe
Things that are here:
a +0 robe; a +0 spear An electric eel is nearby!
An electric eel is nearby!
An electric eel is nearby!
An electric eel is nearby!
An electric eel is nearby!
Unknown command.
The electric eel shoots out a bolt of lightning at you!
The bolt of electricity hits you!
Found an escape hatch in the floor.
The electric eel shoots out a bolt of lightning at you!
The bolt of electricity hits you!
You see here 16 gold pieces.
You barely miss the electric eel. Your kick misses the electric eel.
The electric eel shoots out a bolt of lightning at you!
The bolt of electricity hits you! x2
You barely miss the electric eel. Your kick misses the electric eel.
You closely miss the electric eel. Your kick misses the electric eel.
Unknown command.
You hit the electric eel but do no damage.
Your kick misses the electric eel. You barely miss the electric eel.
Your kick misses the electric eel.
The electric eel shoots out a bolt of lightning at you!
The bolt of electricity hits you. x2
You whack the electric eel!
The electric eel is heavily wounded.
You hit the electric eel. You kick the electric eel.
The electric eel is almost dead.
The electric eel shoots out a bolt of lightning at you!
The bolt of electricity hits you. The bolt of electricity hits you!
* * * LOW HITPOINT WARNING * * *
The electric eel shoots out a bolt of lightning at you!
The bolt of electricity hits you!
* * * LOW HITPOINT WARNING * * *
The bolt of electricity hits you!
You die...
Your body crumbles into a pile of gold.

#.##.# #.# ##'##.# #.#
......#####.#
......#..##.#
......#.....###########
......##.###..........##
[[[........+....~~~~~...
.[###..#.###....S~≈~....
....#..#........h~~≈....
....#..#.#.....$........
..#.#..#.#(...........>.
.......#.#....######....
.###..##.#....# ###
......##.#..#.#
.###.###.##.#.# .# #. #.
#.#.# .(.. ..#.#


You could see an electric eel.

Vanquished Creatures
  Maurice (D:8)
  An elephant (D:9)
  A hornet (D:9)
  A wyvern (D:9)
  A steam dragon (D:9)
  2 water moccasins
  2 orc warriors
  2 black bears (D:9)
  2 ice beasts
  2 ogres
  A boggart (D:9)
  A centaur (D:6)
  2 phantoms
  2 kobold brigands
  2 bullfrogs
  A necrophage (Sewer)
  2 gnoll sergeants
  3 scorpions
  9 wights
  4 killer bees (D:8)
  4 howler monkeys
  3 hounds
  3 orc priests
  3 iguanas
  A sleepcap (D:4)
  7 orc wizards
  7 gnolls
  7 adders
  3 shadow imps (Sewer)
  2 white imps
  An ufetubus (Sewer)
  3 worms
  2 dart slugs
  18 orcs
  7 bats
  5 endoplasms
  9 giant cockroaches
  5 goblins
  7 hobgoblins
  5 quokkas
  13 ball pythons
  6 frilled lizards
  24 kobolds
  5 rats
192 creatures vanquished.

Notes
Turn   | Place    | Note
-------+----------+-------------------------------------------
     0 | D:1      | bmb222 the Demonspawn Shapeshifter began the quest for the
                  | Orb.
     0 | D:1      | Reached XP level 1. HP: 15/15 MP: 1/1
   149 | D:1      | Reached skill level 3 in Shapeshifting
   175 | D:1      | Gained mutation: You regenerate a little health from kills.
                  | [demonic ancestry]
   175 | D:1      | Reached XP level 2. HP: 21/21 MP: 2/2
   231 | D:1      | Found a faded altar of an unknown god.
   659 | D:1      | Gained mutation: Your demonic aura sometimes causes spilled
                  | blood to erupt in flames. [demonic ancestry]
   659 | D:1      | Reached XP level 3. HP: 26/26 MP: 3/3
  1222 | D:2      | Reached XP level 4. HP: 30/32 MP: 4/4
  1506 | D:3      | Found a runed translucent gate.
  1531 | D:3      | Found a runed translucent gate.
  1537 | D:3      | Found a runed translucent gate.
  1555 | D:3      | Noticed a kobold brigand
  1555 | D:3      | Noticed RepHenryClay's ghost (amateur OpVM)
  1683 | D:3      | Found a glowing drain.
  1699 | Sewer    | Entered a sewer
  1808 | Sewer    | Noticed a kobold brigand
  1811 | Sewer    | Reached skill level 1 in Armour
  1819 | Sewer    | Killed a kobold brigand
  1820 | Sewer    | Reached skill level 4 in Shapeshifting
  1820 | Sewer    | Gained mutation: You are partially covered in yellow
                  | scales. (AC +2) [demonic ancestry]
  1820 | Sewer    | Reached XP level 5. HP: 24/37 MP: 5/5
  1826 | Sewer    | Noticed a phantom
  1839 | Sewer    | Killed a phantom
  1840 | Sewer    | Reached XP level 6. HP: 31/43 MP: 6/6
  1887 | Sewer    | Found an ancient bone altar of Kikubaaqudgha.
  2415 | D:3      | Identified the ring of Kaviedd {Fire MP+9 Str+3}
  2932 | D:4      | Reached XP level 7. HP: 48/49 MP: 7/7
  2968 | D:5      | Entered Level 5 of the Dungeon
  3094 | D:5      | Found an opulent altar of Gozag.
  3273 | D:5      | Reached skill level 5 in Shapeshifting
  3293 | D:5      | Became a worshipper of Gozag Ym Sagoz the Greedy
  3369 | D:5      | Found Haly's General Store.
  3381 | D:5      | Found Ixam's Weapon Shop.
  3556 | D:5      | Found a broken altar of Ashenzari.
  4030 | D:6      | Reached skill level 5 in Armour
  4054 | D:6      | Gained mutation: You have large cloven feet. [demonic
                  | ancestry]
  4054 | D:6      | Reached XP level 8. HP: 32/57 MP: 8/8
  4598 | D:6      | Found a shadowy altar of Dithmenos.
  4606 | D:6      | Identified the +1 dagger of the Disbelieving Gods {heavy,
                  | rPois rF- rC++ Int+8}
  5132 | D:7      | Found an ancient bone altar of Kikubaaqudgha.
  5323 | D:7      | Reached skill level 6 in Shapeshifting
  5373 | D:7      | Found a snail-covered altar of Cheibriados.
  5373 | D:7      | Found a shimmering altar of Xom.
  5373 | D:7      | Found a basalt altar of Yredelemnul.
  5630 | D:7      | Found a staircase to the Ecumenical Temple.
  5740 | D:7      | Reached XP level 9. HP: 30/65 MP: 9/9
  6066 | D:8      | Found a hazy altar of Hepliaklqana.
  6112 | D:8      | Reached skill level 1 in Stealth
  6228 | D:8      | Found Nostrupo's Jewellery Shop.
  6237 | D:8      | Found an iron altar of Okawaru.
  6334 | D:8      | Identified the +12 dagger of the Baking Gods {freeze, *Slow
                  | Str+5}
  6515 | D:8      | Found a blossoming altar of Fedhas.
  6572 | D:8      | Noticed Maurice
  6603 | D:8      | Maurice stole 252 gold
  6606 | D:8      | Killed Maurice
  6607 | D:8      | Reached skill level 5 in Fighting
  6607 | D:8      | Reached skill level 7 in Shapeshifting
  7058 | D:5      | Bought a +1 chain mail of positive energy for 175 gold
                  | pieces
  7154 | D:8      | Bought an amulet of regeneration for 420 gold pieces
  7466 | D:9      | Noticed a two-headed ogre
  7466 | D:9      | Noticed a two-headed ogre
  7763 | D:9      | Noticed a boulder beetle
  7814 | D:9      | Found a staircase to the Lair.
  7814 | D:9      | Noticed an elephant
  7835 | D:9      | Killed an elephant
  7836 | D:9      | Reached XP level 10. HP: 60/75 MP: 10/10
  7842 | D:9      | Reached skill level 8 in Shapeshifting
  8188 | D:9      | Killed from afar by an electric eel

Illustrated notes

Levels and vault maps discovered:
D:1:      co_arrival_random_square_maze, layout_loops_ring,
          dreamdust_ecumenical_altar_grove
D:2:      layout_basic
D:3:      layout_loops_ring, gammafunk_ghost_nasty_kobolds, gup_sewer_entry_pipe
D:4:      layout_rooms
D:5:      layout_basic, lemuel_crystal_altar, old_standard_altar,
          grunt_gozag_breadcrumbs, serial_shops, nicolae_square_shop, shop
D:6:      layout_basic, mainiacjoe_overflow_chevrons, grunt_decor_cap
D:7:      layout_basic, gammafunk_temple_overflow_claw, kiku_gazebo_pond_becter,
          temple_doors_ab
D:8:      layout_rooms, lemuel_doored_altar, okawaru_trees_1,
          mainiacjoe_overflow_concentric_impassable, serial_shops,
          nicolae_stop_n_shop_1, uniq_maurice
D:9:      layout_basic, david_lair_generic, glass_columns_a,
          nicolae_phantomly_mirrored

Skill      XL: |  1  2  3  4  5  6  7  8  9 10 |
---------------+-------------------------------+-----
Shapeshifting  | 3 4 5 6 7 8 |  8.0
Dodging        | 2 4 |  4.3
Unarmed Combat | 3 4 |  4.6
Armour         | 1 2 3 5 7 |  7.3
Fighting       | 2 3 5 |  5.6
Stealth        | 2 |  2.6

Action                     |  1- 3 |  4- 6 |  7- 9 | 10-12 || total
---------------------------+-------+-------+-------+-------++-------
  Melee: Unarmed           |   136 |     2 |    55 |       ||   193
         Punch             |     3 |     2 |    13 |       ||    18
         Whip              |       |   161 |   267 |    36 ||   464
         Kick              |       |       |    64 |    12 ||    76
  Evoke: Wand              |       |       |     2 |       ||     2
    Use: Scroll            |       |     5 |     7 |       ||    12
         Potion            |       |       |     7 |       ||     7
   Stab: Sleeping          |     1 |       |       |       ||     1
         Distracted        |       |       |     1 |     1 ||     2
 Armour: Animal skin       |    11 |       |       |       ||    11
         Chain mail        |    99 |   113 |   272 |    65 ||   549
         Skin              |       |       |    40 |       ||    40
         Ring mail         |       |       |    18 |       ||    18
  Dodge: Dodged            |    44 |    73 |   203 |    23 ||   343
   Form: Beast             |       |       |     1 |       ||     1
         Flux              |       |       |     1 |       ||     1

Table legend: (Time is in decaauts)
 A = Elapsed time spent in this place.
 B = Non-inter-level travel time spent in this place.
 C = Inter-level travel time spent in this place.
 D = Time resting spent in this place.
 E = Time spent auto-exploring this place.
 F = Levels seen in this place.
 G = Mean time per level.
                   A        B        C        D        E       F      G
               +--------+--------+--------+--------+--------+-----+--------+
         Total |   8238 |   7739 |    499 |    915 |   5038 |  10 |  823.8 |
       Dungeon |   7826 |   7327 |    499 |    915 |   4853 |   9 |  869.6 |
         Sewer |    411 |    411 |      0 |      0 |    185 |   1 |  411.0 |
               +--------+--------+--------+--------+--------+-----+--------+

Top non-repeatable levels by time:
     D:7: 1256 daAuts
     D:9: 1028 daAuts
     D:5: 999 daAuts
     D:8: 981 daAuts
     D:6: 892 daAuts
     D:1: 863 daAuts
     D:3: 694 daAuts
     D:2: 567 daAuts
     D:4: 542 daAuts
   Sewer: 411 daAuts
